 Dungeon Crawl Stone Soup version 0.30-a0-830-gfe289a77b0 (webtiles) character file.

Game seed: 4634499780644520471

313 Nacht the Digger (level 6, -6/41 HPs)
             Began as a Demonspawn Earth Elementalist on Feb 28, 2023.
             Shot with an arrow by a centaur (15 damage)
             ... on level 3 of the Dungeon.
             The game lasted 00:02:36 (2420 turns).

Nacht the Digger (Demonspawn Earth Elementalist)    Turns: 2420, Time: 00:02:36

Health: -6/41      AC:  3    Str:  8    XL:     6   Next: 19%
Magic:  4/9        EV: 12    Int: 26    God:
Gold:   157        SH:  0    Dex: 14    Spells: 4/10 levels left

rFire   . . .      SeeInvis .    h - +0 dagger
rCold   . . .      Faith    .    (no shield)
rNeg    . . .      Spirit   .    a - +0 robe
rPois   .          Reflect  .    (no helmet)
rElec   .          Harm     .    l - +0 cloak
rCorr   .          Rampage  .    (no gloves)
Will    .....                    (no boots)
Stlth   ++                       (no amulet)
HPRegen 0.26/turn                f - +6 ring of intelligence
MPRegen 0.11/turn                (no ring)

@: very slightly contaminated
A: big brain 1, demonic magic 1
a: no special abilities


You were on level 3 of the Dungeon.
You visited 1 branch of the dungeon, and saw 3 of its levels.

You collected 157 gold pieces.

Inventory:

Hand Weapons
 h - a +0 dagger (weapon)
Missiles
 c - 6 poisoned darts
Armour
 a - a +0 robe (worn)
 l - a +0 cloak (worn)
Jewellery
 f - a +6 ring of intelligence (left hand)
 q - a +4 ring of protection
 s - a ring of flight
Wands
 w - a wand of digging (2)
Scrolls
 e - 2 scrolls of amnesia {unknown}
 g - 2 scrolls of fog {unknown}
 j - a scroll of brand weapon {unknown}
 k - a scroll of enchant weapon {unknown}
 m - a scroll of enchant armour {unknown}
 n - 2 scrolls of teleportation {unknown}
 p - a scroll of noise {unknown}
 v - a scroll of identify {unknown}
Potions
 b - a potion of magic
 d - a potion of haste {unknown}
 i - 3 potions of mutation {unknown}
 o - a potion of flight {unknown}
 r - a potion of attraction {unknown}
 t - 2 potions of heal wounds {unknown}
 u - a potion of berserk rage {unknown}


   Skills:
 - Level 1.7 Dodging
 - Level 1.7 Stealth
 + Level 2.5 Spellcasting
 * Level 2.3 Conjurations
 - Level 0.8 Transmutations
 + Level 5.6 Earth Magic


You had 4 spell levels left.
You knew the following spells:

 Your Spells              Type           Power      Damage    Failure   Level
a - Sandblast             Erth           64%        2d14      1%          1
b - Stone Arrow           Conj/Erth      48%        3d10      6%          3
w - Passwall              Tmut/Erth      16%        N/A       4%          2

Your spell library contained the following spells:

 Spells                   Type           Power      Damage    Failure   Level
 Petrify                  Tmut/Erth      20%        N/A       26%         4


Dungeon Overview and Level Annotations

Branches:
Dungeon (3/15)

Altars:

Annotations:
D:2 1 runed translucent door, Crazy Yiuf


Innate Abilities, Weirdness & Mutations

You have an unusually large brain. (Int +2)
Spells you cast may paralyse adjacent enemies.


Message History

A centaur is nearby!
A centaur is nearby!
A centaur is nearby!
A centaur is nearby!
You see here a +0 short sword.
A centaur is nearby!
The centaur shouts!
The centaur shoots an arrow.
The arrow hits you.
You see here a +0 short sword.
The centaur shoots an arrow.
The arrow closely misses you.
The centaur shoots an arrow.
The arrow hits you!
Casting: Sandblast (safe; 1% risk of failure)
Confirm with . or Enter, or press ? or * to list all spells.
Aiming: Sandblast (safe; 1% risk of failure)
Press: ? - help, Shift-Dir - straight line, f - centaur
Aim: a centaur, wielding a +0 shortbow (90% to hit)
The blast of sand hits the centaur.
The centaur is moderately wounded.
Malevolent energies surge around you.
The centaur shoots an arrow.
The arrow hits you!
The centaur shoots an arrow.
The arrow hits you.
Casting: Sandblast (safe; 1% risk of failure)
Confirm with . or Enter, or press ? or * to list all spells.
Aiming: Sandblast (safe; 1% risk of failure)
Press: ? - help, Shift-Dir - straight line, f/p - centaur
Aim: a centaur, wielding a +0 shortbow (moderately wounded, 90% to hit)
The blast of sand hits the centaur.
The centaur is moderately wounded.
Malevolent energies surge around you.
The centaur shoots an arrow.
The arrow hits you!
* * * LOW HITPOINT WARNING * * *
Casting: Sandblast (safe; 1% risk of failure)
Confirm with . or Enter, or press ? or * to list all spells.
Aiming: Stone Arrow (dangerous; 6% risk of failure)
Press: ? - help, Shift-Dir - straight line, f/p - centaur
Aim: a centaur, wielding a +0 shortbow (moderately wounded, 83% to hit)
You miscast Stone Arrow.
You are very lightly contaminated with residual magic.
Nothing appears to happen.
The centaur shoots an arrow.
The arrow barely misses you.
The centaur shoots an arrow.
The arrow hits you!
You die...

###############################..
.........................).......
#####..#####################.....
### #......#### #######.##..
..####.###....########.......##..
#...##.####.......c.........###..
###.##†.....#c######........# ##.
#......>.####...## #........# #.
#.####..>## ###.@###........## ##
#..# ###..## ##.).#.........####
##.# #...### ###.#).######.....
#.## #.....# ##...## ######
#..#####.##.####....### ##...#
#....(....##...#
###.######.....#####.##
#.#............# #..###
#...#######....# ##...####


You could see a centaur.

Vanquished Creatures
  An ice beast (D:3)
  Natasha (thrice) (D:2)
  7 gnolls
  2 adders
  A worm (D:3)
  A dart slug (D:1)
  An orc (D:3)
  2 bats
  5 endoplasms
  2 giant cockroaches (D:2)
  9 goblins
  4 hobgoblins
  6 quokkas
  8 ball pythons
  2 frilled lizards
  4 rats
58 creatures vanquished.

Notes
Turn   | Place    | Note
-------+----------+-------------------------------------------
     0 | D:1      | Nacht the Demonspawn Earth Elementalist began the quest for
                  | the Orb.
     0 | D:1      | Reached XP level 1. HP: 13/13 MP: 3/3
   115 | D:1      | Reached skill level 3 in Earth Magic
   191 | D:1      | Gained mutation: Spells you cast may paralyse adjacent
                  | enemies. [demonic ancestry]
   191 | D:1      | Reached XP level 2. HP: 12/19 MP: 0/5
   785 | D:2      | Noticed Natasha
   791 | D:2      | Killed Natasha
   792 | D:2      | Reached skill level 4 in Earth Magic
   792 | D:2      | Reached XP level 3. HP: 20/24 MP: 2/6
   800 | D:2      | Noticed Natasha
   803 | D:2      | Killed Natasha
   804 | D:2      | Reached XP level 4. HP: 27/30 MP: 2/7
   967 | D:2      | Noticed Natasha
   971 | D:2      | Killed Natasha
   972 | D:2      | Reached skill level 5 in Earth Magic
  1101 | D:2      | Reached XP level 5. HP: 35/35 MP: 4/8
  1302 | D:2      | Found a runed translucent door.
  1303 | D:2      | Noticed Crazy Yiuf
  1572 | D:2      | Learned a level 3 spell: Stone Arrow
  1575 | D:2      | Learned a level 2 spell: Passwall
  1604 | D:3      | Noticed a centaur
  1906 | D:3      | Reached skill level 1 in Conjurations
  2163 | D:3      | Noticed an ice beast
  2172 | D:3      | Killed an ice beast
  2173 | D:3      | Gained mutation: You have an unusually large brain. (Int
                  | +2) [demonic ancestry]
  2173 | D:3      | Reached XP level 6. HP: 25/41 MP: 3/9
  2420 | D:3      | Shot with an arrow by a centaur

Illustrated notes

Levels and vault maps discovered:
D:1:      minmay_arrival_stair_chambers, layout_rooms
D:2:      layout_basic, minmay_quantized, uniq_natasha, uniq_crazy_yiuf_cottage
D:3:      layout_rooms, minmay_increasing_density

Skill      XL: |  1  2  3  4  5 |
---------------+----------------+-----
Earth Magic    | 3 4 5 |  5.6
Conjurations   | 2 |  2.3
Dodging        | |  1.7
Stealth        | |  1.7
Spellcasting   | |  2.5
Transmutations | |  0.8

Action                     |  1- 3 |  4- 6 || total
---------------------------+-------+-------++-------
  Melee: Dagger            |     2 |       ||     2
   Cast: Sandblast         |    30 |    59 ||    89
 Armour: Robe              |     2 |     5 ||     7
  Dodge: Dodged            |     6 |    11 ||    17

Table legend: (Time is in decaauts)
 A = Elapsed time spent in this place.
 B = Non-inter-level travel time spent in this place.
 C = Inter-level travel time spent in this place.
 D = Time resting spent in this place.
 E = Time spent auto-exploring this place.
 F = Levels seen in this place.
 G = Mean time per level.
                   A        B        C        D        E       F      G
               +--------+--------+--------+--------+--------+-----+--------+
         Total |   2470 |   2397 |     73 |      0 |   2037 |   3 |  823.3 |
       Dungeon |   2470 |   2397 |     73 |      0 |   2037 |   3 |  823.3 |
               +--------+--------+--------+--------+--------+-----+--------+

Top non-repeatable levels by time:
     D:2: 901 daAuts
     D:3: 794 daAuts
     D:1: 774 daAuts
